 Dungeon Crawl Stone Soup version 0.30-b1-2-g02819fbbbe (webtiles) character file.

Game seed: 3671124110170786711

1596 Arcadio the Trooper (level 8, 0/54 (64) HPs)
             Began as a Mummy Reaver on May 16, 2023.
             Slain by a steam dragon (1 damage)
             ... on level 6 of the Dungeon.
             The game lasted 00:13:25 (6748 turns).

Arcadio the Trooper (Mummy Reaver)                  Turns: 6748, Time: 00:13:27

HP:   0/54 (64)     AC:  7    Str: 17    XL:     8   Next: 62%
MP:   13/15         EV: 13    Int: 13    God:
Gold: 186           SH:  0    Dex: 10    Spells: 11/17 levels left

rFire   x . .        j - +0 hand axe
rCold   + . .        (no shield)
rNeg    + + +        b - +0 leather armour
rPois   ∞            (no helmet)
rElec   .            x - +2 cloak
rCorr   .            s - +0 pair of gloves
SInv    .            (no boots)
Will    +....        (no amulet)
Stlth   +            e - ring of flight
HPRegen 0.29/turn    k - +4 ring of slaying
MPRegen 0.14/turn

%: faith
@: flying, very slightly contaminated, heavily drained
A: cold resistance 1, negative energy resistance 3, torment resistance 2, heat
vulnerability 1, in touch with death 1, no potions, faith
a: no special abilities


You were on level 6 of the Dungeon.
You visited 1 branch of the dungeon, and saw 6 of its levels.

You collected 470 gold pieces.
You spent 284 gold pieces at shops.

Inventory:

Hand Weapons
 a - a +0 falchion
 j - a +0 hand axe (weapon)
 t - a +0 trident
Missiles
 n - 10 poisoned darts (quivered)
Armour
 b - a +0 leather armour (worn)
 o - a +0 cloak
 s - a +0 pair of gloves (worn)
 x - a +2 cloak (worn)
Jewellery
 c - a ring of ice
 e - a ring of flight (left hand)
 k - a +4 ring of slaying (right hand)
 z - a +5 ring of evasion
Wands
 f - a wand of flame (8)
 h - a wand of roots (36)
 u - a wand of digging (3)
 A - a wand of acid (1)
Scrolls
 d - a scroll of amnesia
 g - 3 scrolls of blinking
 i - a scroll of silence
 l - 2 scrolls of fear
 m - a scroll of poison {unknown}
 p - a scroll of magic mapping {unknown}
 q - 2 scrolls of vulnerability
 r - 2 scrolls of identify
 v - 4 scrolls of teleportation
 w - a scroll of fog {unknown}
 y - a scroll of enchant armour {unknown}
 B - a scroll of immolation {unknown}


   Skills:
 + Level 6.2 Fighting
 + Level 5.4 Long Blades
 + Level 5.1 Dodging
 + Level 5.1 Spellcasting
 - Level 2.5 Conjurations


You had 11 spell levels left.
You knew the following spells:

 Your Spells              Type           Power      Damage    Failure   Level
a - Kiss of Death         Conj/Necr      36%        2d8       14%         1
b - Momentum Strike       Conj/Tloc      12%        3d8       21%         2
c - Hailstorm             Conj/Ice       6%         3d4       38%         3

Your spell library contained the following spells:

 Spells                   Type           Power      Damage    Failure   Level


Dungeon Overview and Level Annotations

Branches:
Dungeon (6/15) Zot: 26626
 Temple: D:4-7

Altars:

Shops:
D:2 *   D:5 [?![


Innate Abilities, Weirdness & Mutations

You are immune to poison.
Your flesh is cold resistant. (rC+)
You are immune to negative energy. (rN+++)
You are immune to unholy pain and torment.
You are vulnerable to heat. (rF-)
You are in touch with the powers of death.
You do not drink.
You have a special connection with the divine. (Faith)


Message History

You hear a shout!
You closely miss the steam dragon.
You are engulfed in a cloud of scalding steam.
The steam dragon breathes steam at you. The ball of steam misses you.
You hit the steam dragon.
The steam dragon is lightly wounded.
You are engulfed in a cloud of scalding steam.
The steam dragon bites you!
The steam dragon claws you but does no damage.
You slash the steam dragon!
The steam dragon is heavily wounded.
You are engulfed in a cloud of scalding steam.
* * * LOW HITPOINT WARNING * * *
The steam dragon barely misses you. The steam dragon claws you.
* * * LOW HITPOINT WARNING * * *
Casting: Kiss of Death (safe; 14% risk of failure)
Confirm with . or Enter, or press ? or * to list all spells.
Aiming: Kiss of Death (safe; 14% risk of failure)
Press: ? - help, Shift-Dir - straight line, f - steam dragon
Aim: a steam dragon (heavily wounded, 100% to hit)
You feel a surge of power!
The negative energy hits the steam dragon but does no damage.
The steam dragon is drained!
The steam dragon is heavily wounded.
You feel drained. The steam dragon breathes steam at you.
The ball of steam hits you! The steam scalds you terribly!
* * * LOW HITPOINT WARNING * * *
You hear a croak.
You hear a shout!
A bullfrog comes into view.
Casting: Kiss of Death (safe; 14% risk of failure)
Confirm with . or Enter, or press ? or * to list all spells.
Aiming: Kiss of Death (safe; 14% risk of failure)
Press: ? - help, Shift-Dir - straight line, f/p - steam dragon
Aim: a steam dragon (steam, heavily wounded, catching its breath, lightly drained, 100% to hit)
You feel a surge of power!
You miscast Kiss of Death.
You are very lightly contaminated with residual magic.
Nothing appears to happen.
The steam dragon bites you.
You die...

#.# #.## #.#.# .
#.# #..# #.#.# ..
#.# ##.## #.#.# ...
# #..###.#.##..#
##..†..#§.....
........###§.F#####
...####.# #§§>....#
##.###.#§###.###
.......@$§.....#
##.#####D#######
#.# #.# #.# #.# #.#
#.# #!# #.# #.#


You could see a steam dragon (catching breath, drained) and a bullfrog.

Vanquished Creatures
  Grinder (D:4)
  Pargi (D:4)
  An ice beast (D:5)
  A black bear (D:5)
  A sky beast (D:6)
  2 ogres
  A phantom (D:5)
  A kobold brigand (D:6)
  3 scorpions
  2 howler monkeys
  2 hounds
  A gnoll bouda (D:5)
  A sleepcap (D:3)
  3 iguanas (D:4)
  Ijyb (D:4)
  4 gnolls
  11 adders
  3 ufetubi
  4 worms
  2 dart slugs (D:2)
  7 orcs
  7 ball pythons
  8 endoplasms
  2 giant cockroaches
  8 goblins
  5 hobgoblins
  9 jackals
  5 kobolds
  A quokka (D:2)
  7 bats
  3 frilled lizards
  5 rats (D:3)
113 creatures vanquished.

Vanquished Creatures (others)
  25 plants (D:5)
  3 toadstools (D:5)
28 creatures vanquished.

Grand Total: 141 creatures vanquished

Notes
Turn   | Place    | Note
-------+----------+-------------------------------------------
     0 | D:1      | Arcadio the Mummy Reaver began the quest for the Orb.
     0 | D:1      | Reached XP level 1. HP: 16/16 MP: 4/4
   431 | D:1      | Found a faded altar of an unknown god.
   792 | D:2      | Reached XP level 2. HP: 22/22 MP: 5/5
   803 | D:2      | Learned a level 2 spell: Momentum Strike
   988 | D:1      | Gained mutation: You are in touch with the powers of death.
                  | [Mummy growth]
   988 | D:1      | Reached XP level 3. HP: 14/28 MP: 7/7
  1356 | D:2      | Reached XP level 4. HP: 20/34 MP: 8/8
  1360 | D:2      | Learned a level 3 spell: Hailstorm
  1475 | D:2      | Reached skill level 3 in Fighting
  1510 | D:2      | Found Eplarrio's General Store.
  2038 | D:3      | Reached XP level 5. HP: 19/41 MP: 9/9
  2727 | D:4      | Noticed an ogre
  2772 | D:3      | Killed an ogre
  3399 | D:4      | Reached XP level 6. HP: 45/45 MP: 10/10
  3412 | D:4      | Noticed Pargi
  3621 | D:4      | Noticed Grinder
  3624 | D:4      | Paralysed by Grinder for 3 turns
  3632 | D:4      | Paralysed by Grinder for 2 turns
  3640 | D:4      | Killed Grinder
  3641 | D:4      | Reached skill level 4 in Fighting
  3797 | D:4      | Noticed Ijyb
  3805 | D:4      | Killed Ijyb
  3806 | D:4      | Reached XP level 7. HP: 21/42 MP: 8/11
  3975 | D:4      | Killed Pargi
  4138 | D:5      | Entered Level 5 of the Dungeon
  4138 | D:5      | Found Taiduonn's Magic Scroll Shop.
  4262 | D:4      | Reached skill level 5 in Fighting
  4425 | D:5      | Bought a scroll of teleportation for 30 gold pieces
  4425 | D:5      | Bought a scroll of teleportation for 30 gold pieces
  4425 | D:5      | Bought a scroll of teleportation for 30 gold pieces
  4517 | D:2      | Bought a scroll of fear for 44 gold pieces
  4640 | D:5      | Found Mac Omeiwn's Antique Armour Boutique.
  4898 | D:5      | Bought a runed cloak for 150 gold pieces
  4975 | D:4      | Reached XP level 8. HP: 10/46 MP: 9/13
  5220 | D:5      | Reached skill level 5 in Long Blades
  6021 | D:5      | Found Ycvitown's Distillery.
  6360 | D:5      | Found Ykeczal's Armour Boutique.
  6516 | D:6      | Reached skill level 6 in Fighting
  6516 | D:6      | Reached skill level 5 in Dodging
  6633 | D:6      | Reached skill level 5 in Spellcasting
  6746 | D:6      | HP: 1/54 [steam dragon/ball of steam (9)]
  6748 | D:6      | Slain by a steam dragon

Illustrated notes

Levels and vault maps discovered:
D:1:      saegor_arrival_fortress, layout_basic, serial_forest,
          infiniplex_forest_zigzag_2, infiniplex_forest_lined_3_way,
          infiniplex_forest_corner_2, infiniplex_forest_corner_1,
          infiniplex_forest_clump_diagonal, infiniplex_forest_clump_double,
          infiniplex_forest_lined_room_3, infiniplex_forest_clump_diagonal,
          infiniplex_forest_lined_corner, ebering_ecumenical_altar_mist
D:2:      layout_rooms, serial_shops, nicolae_shop_statue_plus,
          minmay_pentomino_v2
D:3:      layout_basic, minmay_increasing_density
D:4:      layout_loops_ring, uniq_ijyb, uniq_pargi, uniq_grinder
D:5:      layout_rooms, serial_bayou, serial_bayou_pond_c, serial_bayou_pond_e,
          serial_bayou_pond_c, serial_bayou_ford_a, serial_shops, shop,
          nicolae_shop_back_alley_shop, kennysheep_little_box,
          nicolae_stop_n_shop_2, minmay_gold_behind_fungi, hex_tiny
D:6:      layout_basic, nicolae_uskayaw_suspiria, grunt_dithmenos_shadows

Skill      XL: |  1  2  3  4  5  6  7  8 |
---------------+-------------------------+-----
Dodging        | 2 3 4 5 |  5.1
Long Blades    | 3 4 5 |  5.4
Fighting       | 3 4 5 6 |  6.2
Spellcasting   | 3 5 |  5.1
Conjurations   | |  2.5

Action                     |  1- 3 |  4- 6 |  7- 9 || total
---------------------------+-------+-------+-------++-------
  Melee: Falchion          |    72 |       |       ||    72
         Hand axe          |    41 |   164 |   178 ||   383
         Punch             |       |       |     3 ||     3
   Cast: Kiss of Death     |     1 |     4 |     5 ||    10
         Momentum Strike   |       |     2 |       ||     2
  Evoke: Wand              |       |     2 |     5 ||     7
    Use: Scroll            |       |     5 |       ||     5
 Armour: Leather armour    |    37 |    58 |    65 ||   160
  Dodge: Dodged            |    86 |   125 |   168 ||   379
